 Dungeon Crawl Stone Soup version 0.31-a0-198-g2ad674f65e (webtiles) character file.

Game seed: 12463334388267592465

716 qw the Skirmisher (level 7, -1/40 HPs)
             Began as a Deep Elf Hunter on June 25, 2023.
             Slain by an iguana (9 damage)
             ... on level 5 of the Dungeon.
             The game lasted 00:01:28 (3921 turns).

qw the Skirmisher (Deep Elf Hunter)                 Turns: 3921, Time: 00:01:29

Health: -1/40      AC:  6    Str: 10    XL:     7   Next: 41%
Magic:  9/9        EV: 13    Int: 14    God:
Gold:   244        SH:  0    Dex: 24    Spells: 6/6 levels left

rFire   . . .        d - +0 orcbow (drain)
rCold   . . .        (shield currently unavailable)
rNeg    . . .        h - +0 ring mail
rPois   .            a - +0 helmet
rElec   .            (no cloak)
rCorr   .            (no gloves)
SInv    .            (no boots)
Will    .....        (no amulet)
Stlth   ++           k - +6 ring of dexterity
HPRegen 0.26/turn    (no ring)
MPRegen 0.11/turn

%: no passive effects
@: about to teleport
A: no striking features
a: no special abilities


You were on level 5 of the Dungeon.
You visited 1 branch of the dungeon, and saw 5 of its levels.
You also visited: Sewer.

You collected 244 gold pieces.


   Skills:
 - Level 2.0 Fighting
 + Level 10.8 Ranged Weapons
 - Level 1.3 Armour
 - Level 4.3 Dodging
 - Level 1.2 Stealth


You had 6 spell levels left.
You didn't know any spells.
Your spell library was empty.

Inventory:

Hand Weapons
 d - a +0 orcbow of draining (weapon)
Armour
 a - a +0 helmet (worn)
 h - a +0 ring mail (worn)
Jewellery
 k - a +6 ring of dexterity (left hand)
 l - a ring of fire
Scrolls
 g - 4 scrolls of teleportation
 j - 2 scrolls of identify
Potions
 b - 3 potions of curing
 e - a potion of berserk rage {unknown}
 n - a potion of magic {unknown}

Dungeon Overview and Level Annotations

Branches:
Dungeon (5/15)              Sewer (visited)
 Temple: D:4-7

Altars:
Trog


Message History

You shoot an arrow. The arrow hits the ice beast!
You drain the ice beast.
The ice beast is moderately wounded.
The orc wizard shouts!
The orc shouts!
An orc comes into view. It is wielding a +0 flail.
You shoot an arrow. The arrow closely misses the ice beast.
An iguana comes into view.
You shoot an arrow. The arrow barely misses the ice beast.
You shoot an arrow. The arrow barely misses the ice beast.
The ice beast barely misses you.
The iguana hisses menacingly.
The ice beast barely misses you. The orc wizard closely misses you.
You shoot an arrow.
The arrow hits the ice beast but does no damage.
The ice beast is moderately wounded.
The ice beast hits you but does no damage.
The orc wizard hits you but does no damage.
You shoot an arrow. The arrow hits the ice beast.
The ice beast is heavily wounded.
The orc hits you with a +0 hand axe. The ice beast barely misses you.
The orc wizard barely misses you.
You shoot an arrow.
The arrow completely misses the ice beast.
The orc hits you but does no damage. The ice beast closely misses you.
The orc wizard closely misses you. The orc completely misses you.
You shoot an arrow. The arrow hits the ice beast.
The ice beast is severely wounded.
The orc hits you with a +0 hand axe. The ice beast barely misses you.
The orc wizard completely misses you. The orc barely misses you.
You shoot an arrow. The arrow barely misses the ice beast.
The orc misses you.
The orc wizard hits you but does no damage.
The iguana bites you. The orc barely misses you.
The ice beast barely misses you.
3921 ||| READING 5 scrolls of teleportation.
As you read the scroll of teleportation, it crumbles to dust.
You feel strangely unstable. The orc hits you but does no damage.
The ice beast closely misses you.
The orc wizard hits you but does no damage.
The iguana bites you!
You die...

#..........#
#..........#
#..........#
#..........#
#..........#
#.....Y....#
#....ooo...#
#....l@....#
#....Y.....#
#..........#
#..........#
#..........#
#..........#
+..........#
#...<......#


You could see 2 ice beasts, an iguana, an orc wizard and 2 orcs.

Vanquished Creatures
  A black bear (D:5)
  A centaur (D:5)
  A gnoll sergeant (D:5)
  A howler monkey (D:4)
  A hound (D:4)
  2 iguanas
  A sleepcap (D:5)
  Natasha (D:4)
  Robin (D:3)
  4 gnolls
  A river rat (Sewer)
  13 adders
  A worm (D:5)
  2 dart slugs
  8 orcs
  11 endoplasms
  5 giant cockroaches
  18 goblins
  13 hobgoblins
  3 jackals (D:3)
  11 kobolds
  4 quokkas
  7 ball pythons
  5 bats
  7 frilled lizards
  12 rats
135 creatures vanquished.

Notes
Turn   | Place    | Note
-------+----------+-------------------------------------------
     0 | D:1      | qw the Deep Elf Hunter began the quest for the Orb.
     0 | D:1      | Reached XP level 1. HP: 12/12 MP: 3/3
     0 | D:1      | 0 ||| qw: Version: 0.3-a-22-g0ed2b0b
     0 | D:1      | 0 ||| qw: Game counter: 5339
     0 | D:1      | 0 ||| qw: Melee chars always use a shield: true
     0 | D:1      | 0 ||| qw: God list: Okawaru
     0 | D:1      | 0 ||| qw: Allow faded altars: false
     0 | D:1      | 0 ||| qw: Do Orc after clearing Dungeon:15 true
     0 | D:1      | 0 ||| qw: Do second Lair branch before Depths: true
     0 | D:1      | 0 ||| qw: Lair rune preference: random
     0 | D:1      | 0 ||| qw: Goals: Normal
     0 | D:1      | 0 ||| PLANNING D:1-11
   107 | D:1      | Reached skill level 6 in Ranged Weapons
   107 | D:1      | Reached XP level 2. HP: 16/16 MP: 4/4
   322 | D:1      | Reached XP level 3. HP: 20/20 MP: 5/5
   917 | D:1      | 917 ||| READING scroll labelled DIMPUO OTTYSA.
   918 | D:1      | 918 ||| READING scroll labelled JAW TEAZEF GIF.
   919 | D:1      | 919 ||| READING scroll labelled RUGHEI UCUESME.
   954 | D:1      | 954 ||| READING 2 scrolls labelled CAEPPU XOPLE.
   955 | D:1      | 955 ||| READING scroll labelled JAITWUOBAH.
   956 | D:1      | 956 ||| READING scroll labelled FEOJ RILUE.
   959 | D:1      | 959 ||| DROPPING scroll of butterflies.
  1048 | D:2      | Reached skill level 7 in Ranged Weapons
  1299 | D:2      | Reached XP level 4. HP: 25/25 MP: 6/6
  1511 | D:2      | 1511 ||| UPGRADING to +0 ring mail.
  1521 | D:2      | 1521 ||| DROPPING +0 leather armour.
  1522 | D:2      | 1522 ||| DROPPING ring of magical power.
  1523 | D:2      | 1523 ||| UPGRADING to +6 ring of dexterity.
  1524 | D:2      | 1524 ||| READING scroll labelled XUVVOROHA.
  1525 | D:2      | 1525 ||| DRINKING 2 sedimented amethyst potions.
  1526 | D:2      | 1526 ||| DROPPING potion of attraction.
  1551 | D:3      | Noticed Robin
  1552 | D:3      | 1552 ||| Stepping ~*~*~tactically~*~*~ (outnumbered).
  1555 | D:3      | Killed Robin
  1646 | D:3      | Reached skill level 8 in Ranged Weapons
  1670 | D:3      | Found a bloodstained altar of Trog.
  1739 | D:3      | Reached skill level 3 in Dodging
  1739 | D:3      | Reached XP level 5. HP: 29/29 MP: 7/7
  2130 | D:3      | 2130 ||| UPGRADING to +0 helmet.
  2135 | D:3      | 2135 ||| READING scroll labelled JAHIAD PYSCHUID.
  2136 | D:3      | 2136 ||| DRINKING 2 blue potions.
  2157 | D:4      | 2157 ||| PLANNING SEWER
  2520 | D:4      | Noticed Natasha
  2522 | D:4      | Killed Natasha
  2523 | D:4      | Reached skill level 9 in Ranged Weapons
  2810 | D:4      | 2810 ||| Stepping ~*~*~tactically~*~*~ (water).
  2812 | D:4      | 2812 ||| Stepping ~*~*~tactically~*~*~ (water).
  2814 | D:4      | 2814 ||| Stepping ~*~*~tactically~*~*~ (water).
  2816 | D:4      | 2816 ||| Stepping ~*~*~tactically~*~*~ (water).
  2821 | D:4      | Reached XP level 6. HP: 35/35 MP: 8/8
  2853 | D:4      | Found a glowing drain.
  2854 | D:4      | 2854 ||| READING 2 scrolls labelled QEAFAMU XUMOONG.
  2855 | D:4      | 2855 ||| READING scroll labelled OZXO SIPHATSO.
  2856 | D:4      | 2856 ||| READING 2 scrolls of identify.
  2856 | D:4      | 2856 ||| IDENTIFYING amethyst potion
  2857 | D:4      | 2857 ||| DROPPING scroll of blinking.
  2864 | Sewer    | Entered a sewer
  3118 | Sewer    | 3118 ||| Stepping ~*~*~tactically~*~*~ (water).
  3120 | Sewer    | 3120 ||| Stepping ~*~*~tactically~*~*~ (water).
  3122 | Sewer    | 3122 ||| Stepping ~*~*~tactically~*~*~ (water).
  3202 | Sewer    | 3202 ||| Stepping ~*~*~tactically~*~*~ (water).
  3222 | Sewer    | 3222 ||| READING scroll labelled ZADOIT ZEWIJ.
  3223 | Sewer    | 3223 ||| READING scroll labelled WALAAX USUOJEN.
  3224 | Sewer    | 3224 ||| READING 2 scrolls of identify.
  3224 | Sewer    | 3224 ||| IDENTIFYING emerald potion
  3225 | Sewer    | 3225 ||| DROPPING potion of invisibility.
  3262 | D:4      | 3262 ||| PLANNING D:1-11
  3441 | D:4      | You fall into a shaft and drop 1 floor!
  3441 | D:5      | Entered Level 5 of the Dungeon
  3479 | D:5      | Reached skill level 10 in Ranged Weapons
  3629 | D:5      | Reached XP level 7. HP: 21/40 MP: 9/9
  3632 | D:5      | Reached skill level 1 in Armour
  3879 | D:5      | 3879 ||| SWAPPING to +0 orcbow.
  3880 | D:5      | 3880 ||| DROPPING +0 heavy shortbow.
  3881 | D:5      | 3881 ||| READING scroll of brand weapon.
  3881 | D:5      | 3881 ||| BRANDING +0 orcbow.
  3894 | D:5      | 3894 ||| Stepping ~*~*~tactically~*~*~ (outnumbered).
  3896 | D:5      | 3896 ||| Stepping ~*~*~tactically~*~*~ (outnumbered).
  3898 | D:5      | 3898 ||| Stepping ~*~*~tactically~*~*~ (outnumbered).
  3908 | D:5      | HP: 7/40 [gnoll sergeant/+3 spear of pain (10)]
  3909 | D:5      | 3909 ||| READING 6 scrolls of teleportation.
  3909 | D:5      | HP: 2/40 [gnoll/+0 spear[a gnoll sergeant] (5)]
  3910 | D:5      | 3910 ||| DRINKING potion of heal wounds.
  3920 | D:5      | HP: 8/40 [iguana (4)]
  3921 | D:5      | 3921 ||| READING 5 scrolls of teleportation.
  3921 | D:5      | Slain by an iguana

Levels and vault maps discovered:
D:1:      dpeg_arrival_fog, layout_basic, minmay_misc_feat_square
D:2:      layout_rooms, minmay_3d_cube
D:3:      layout_rooms, trog_antimagical, uniq_robin
D:4:      layout_loops_corners, minmay_temple_entry_stoned_glass,
          gup_sewer_entry_bubbles, minmay_quadrilaterals, uniq_natasha
D:5:      layout_gridville

Skill      XL: |  1  2  3  4  5  6  7 |
---------------+----------------------+-----
Ranged Weapons | 6 7 8 9 10 | 10.8
Dodging        | 3 4 |  4.3
Fighting       | 2 |  2.0
Armour         | 1 |  1.3
Stealth        | |  1.2

Action                     |  1- 3 |  4- 6 |  7- 9 || total
---------------------------+-------+-------+-------++-------
   Fire: Shortbow          |    98 |   175 |    12 ||   285
         Orcbow            |       |       |    20 ||    20
    Use: Scroll            |     6 |     8 |     3 ||    17
         Potion            |       |     2 |     1 ||     3
 Armour: Leather armour    |     3 |       |       ||     3
         Ring mail         |       |    29 |     7 ||    36
  Dodge: Dodged            |    12 |    50 |    26 ||    88

Table legend:
 A = Non-vault XP
 B = Vault XP
 C = Vault XP percentage of total XP
 D = Non-vault monster count
 E = Vault monster count
 F = Vault count percentage of total count
                 A         B        C        D         E       F
            +---------+---------+-------+---------+---------+-------
      Total |     789 |     234 |  22.9 |      87 |      48 |  35.6
            +---------+---------+-------+---------+---------+-------
        D:1 |      62 |       0 |   0.0 |      29 |       0 |   0.0
        D:2 |      43 |       6 |  12.2 |      14 |       3 |  17.6
        D:3 |      54 |      55 |  50.5 |      17 |      15 |  46.9
        D:4 |     169 |      81 |  32.4 |      13 |      13 |  50.0
        D:5 |     461 |       0 |   0.0 |      14 |       0 |   0.0
      Sewer |       0 |      92 | 100.0 |       0 |      17 | 100.0
            +---------+---------+-------+---------+---------+-------
